Map: 贝克特工业-天梯版

Players

玩家2

  • Race: Protoss Protoss

hAppynOOb - Winner!

  • Race: Protoss Protoss
  • League: Diamond

VOD

Have the link to the VOD?

Description

My build

Time

  • Played on: Feb. 15, 2022, 7:17 a.m.
  • Length: 8:13
Show
View Real Time Build Order
Export as new Build Order

玩家2 Protoss 

Build Orders: 1 Gate Expand, Nexus First 

Get SALT Encoding   

  12  0:00  Probe  
  13  0:13  Probe  
  14  0:20  Pylon  
  14  0:42  Gateway  
  14  1:01  Nexus  
  14  1:20  Pylon  
  14  1:22  Zealot  
  14  1:25  Assimilator  
  16  1:37  Cybernetics Core  
  16  1:39  Probe  
  17  1:51  Probe  
  18  2:00  Probe, Assimilator  
  19  2:09  Probe  
  19  2:15  Stalker  
  22  2:20  Probe  
  23  2:24  Probe, Warp Gate  
  24  2:34  Probe  
  25  2:42  Probe  
  26  2:54  Probe  
  26  2:56  Assimilator  
  27  2:58  Pylon  
  27  3:02  Probe  
  28  3:08  Probe  
  29  3:16  Probe  
  29  3:19  Probe  
  30  3:20  Robotics Facility  
  31  3:32  Probe  
  32  3:35  Zealot  
  32  3:41  Probe  
  35  3:48  Probe  
  36  3:55  Probe  
  37  4:02  Probe  
  38  4:03  Observer  
  38  4:09  Probe  
  41  4:17  Observer, Probe  
  41  4:23  Assimilator  
  42  4:24  Probe  
  44  4:31  Probe  
  45  4:38  Probe  
  45  4:42  Pylon  
  46  4:45  Probe  
  47  4:52  Probe  
  47  4:55  Stalker  
  50  5:00  Probe  
  50  7:06  Zealot  
  48  7:14  Probe  
  27  7:27  Probe  
  27  7:29  Pylon  
  25  7:35  Probe  
  30  7:44  Pylon  
  31  7:45  Probe  
Show
View Real Time Build Order
Export as new Build Order

hAppynOOb Protoss - Winner!

Build Orders: Zealot Archon 

Get SALT Encoding   

  12  0:00  Probe  
  13  0:12  Probe  
  14  0:18  Pylon  
  14  0:25  Probe  
  15  0:37  Probe (Chrono Boost)  
  15  0:38  Gateway  
  16  0:49  Probe (Chrono Boost), Assimilator  
  17  0:55  Probe (Chrono Boost), Assimilator  
  18  1:05  Probe (Chrono Boost)  
  18  1:10  Gateway  
  19  1:17  Probe (Chrono Boost)  
  20  1:25  Probe (Chrono Boost)  
  21  1:28  Cybernetics Core  
  21  1:31  Probe  
  22  1:43  Probe  
  22  1:44  Pylon  
  23  2:02  Probe  
  23  2:04  Stalker x2  
  23  2:05  Warp Gate  
  28  2:24  Pylon  
  28  2:37  Nexus  
  28  2:46  Shield Battery  
  28  2:47  Sentry (Chrono Boost)  
  32  2:58  Sentry (Chrono Boost)  
  32  3:00  Probe  
  33  3:07  Robotics Facility  
  33  3:10  Stalker  
  35  3:19  Stalker  
  37  3:23  Probe  
  38  3:36  Probe, Twilight Council  
  39  3:49  Probe x2 (Chrono Boost)  
  41  4:01  Probe x2 (Chrono Boost)  
  43  4:05  Immortal  
  43  4:08  Probe (Chrono Boost)  
  47  4:10  Probe (Chrono Boost)  
  49  4:18  Probe  
  49  4:20  Probe  
  51  4:28  Pylon  
  51  4:31  Forge  
  51  4:32  Probe  
  51  4:36  Probe, Assimilator  
  53  4:44  Probe  
  54  4:48  Immortal, Probe  
  59  4:56  Probe  
  59  4:58  Protoss Ground Weapons Level 1 (Chrono Boost)  
  60  5:00  Probe  
  60  5:01  Pylon  
  60  5:06  Charge  
  61  5:08  Probe  
  62  5:19  Probe  
  62  5:20  Pylon  
  63  5:23  Gateway  
  63  5:27  Gateway  
  63  5:31  Templar Archives  
  63  5:33  Warp Prism  
  65  5:42  Gateway  
  65  5:44  Gateway  
  65  5:50  Gateway  
  65  5:56  Zealot x2  
  69  6:07  Pylon  
  69  6:10  Pylon  
  69  6:33  High Templar x2  
  69  6:34  High Templar  
  69  6:35  High Templar  
  69  6:37  Nexus  
  69  6:39  Archon, Pylon  
  77  6:40  Archon  
  77  6:41  Zealot x2  
  77  6:42  Pylon  
  77  6:44  Zealot  
  83  6:57  Probe x2  
  85  7:04  Zealot x2  
  85  7:05  Zealot x2  
  85  7:06  Zealot  
  85  7:07  Zealot  
  93  7:09  Probe x2  
  93  7:10  Zealot  
  97  7:21  Probe x2  
  99  7:26  High Templar x2  
  99  7:27  Zealot x2  
  99  7:28  Zealot  
  109  7:33  Probe, Assimilator  
  110  7:37  Pylon  
  110  7:39  Archon  
  110  7:48  Probe, Pylon  
  110  7:49  Probe  
  110  7:50  Probe, Pylon  
  113  7:58  Zealot  
Tags
 
Add a new tag
Caveats
  • Supply blocks, unpowered buildings, or Contaminate may cause inaccurate times.
  • Supply counts are checked every 10 seconds.